 Dungeon Crawl Stone Soup version 0.23.2-33-g5129a83184 (webtiles) character file.

Game seed: 350433765360657763

12611 Folque the Destroyer (level 11, -2/77 HPs)
             Began as a Demigod Conjurer on July 27, 2019.
             Succumbed to a black mamba's poison
             ... on level 1 of the Lair of Beasts.
             The game lasted 00:40:52 (12379 turns).

Folque the Destroyer (Demigod Conjurer)            Turns: 12379, Time: 00:40:53

Health: -2/77      AC: 10    Str: 16    XL:     11   Next: 38%
Magic:  21/21      EV: 23    Int: 29    God:
Gold:   601        SH:  0    Dex: 25    Spells: 4/18 levels left

rFire    . . .     SeeInvis .   a - +5 rapier of Cruel Justice {pierce, +Inv Int+2}
rCold    . . .     Gourm    .   (no shield)
rNeg     . . .     Faith    .   C - +0 steam dragon scales
rPois    .         Spirit   .   i - +0 helmet
rElec    .         Reflect  .   (no cloak)
rCorr    .         Harm     .   N - +1 pair of gloves
MR       ++...                  I - +0 pair of boots
Stlth    ++++......             (no amulet)
HPRegen  0.22/turn              m - +4 ring of dexterity
MPRegen  0.17/turn              v - +4 ring of intelligence

@: mighty, agile, lethally poisoned (-2 -> -30), very slightly contaminated,
invisible
A: high mp 1, magic resistance 1, weak 1, MP-powered wands
a: no special abilities


You were on level 1 of the Lair of Beasts.
You were hungry.

You visited 2 branches of the dungeon, and saw 12 of its levels.

You collected 634 gold pieces.
You spent 33 gold pieces at shops.

Inventory:

Hand Weapons
 a - the +5 rapier of Cruel Justice (weapon) {pierce, +Inv Int+2}
   (You found it on level 8 of the Dungeon)

   It inflicts extra damage upon your enemies.
   It affects your intelligence (+2).
   It lets you turn invisible.
 j - a +0 short sword
 n - a +3 dagger of speed
 q - a +0 blowgun
 E - a +1 whip of electrocution
 F - a +0 long sword
Missiles
 r - 16 poisoned needles
 y - 8 silver javelins (quivered)
Armour
 i - a +0 helmet (worn)
 w - a +0 shield
 C - +0 steam dragon scales (worn)
 I - a +0 pair of boots (worn)
 L - a +0 pair of gloves
 N - a +1 pair of gloves (worn)
 Q - the +6 scale mail "Ugacievu" {rC- rCorr Slay+6 SInv}
   (You found it on level 9 of the Dungeon)

   It affects your accuracy and damage with ranged weapons and melee attacks
   (+6).
   It makes you vulnerable to cold.
   It lets you see invisible.
   It provides partial protection from all sources of acid and corrosion.
Jewellery
 m - a +4 ring of dexterity (left hand)
 v - a +4 ring of intelligence (right hand)
 z - an uncursed ring of resist corrosion
 B - an uncursed ring of poison resistance
 O - an uncursed ring of protection from cold {unknown}
 R - an uncursed amulet of faith {unknown}
 V - a +4 ring of dexterity
Wands
 D - a wand of polymorph (16)
 H - a wand of paralysis (6)
 J - a wand of digging (6)
 K - a wand of clouds (2)
Scrolls
 g - a scroll of immolation
 k - 9 scrolls of remove curse
 p - 4 scrolls of teleportation
 u - a scroll of magic mapping
 G - a scroll of vulnerability {unknown}
 M - a scroll of enchant armour {unknown}
 P - 2 scrolls of fog
 T - a scroll of acquirement {unknown}
Potions
 e - 2 potions of brilliance
 f - a potion of might
 h - 3 potions of haste
 s - 5 potions of flight
 t - 3 potions of agility
 x - 2 potions of degeneration
Miscellaneous
 S - a lamp of fire (inert)
Comestibles
 c - 21 rations


   Skills:
 - Level 1.2 Fighting
 - Level 3.2 Short Blades
 - Level 4.2 Armour
 - Level 6.2 Dodging
 - Level 1.7 Stealth
 * Level 4.2 Spellcasting
 * Level 11.8 Conjurations
 - Level 6.0 Hexes
 + Level 4.6 Translocations
 - Level 4.0 Evocations


You had 4 spell levels left.
You knew the following spells:

 Your Spells              Type           Power        Failure   Level  Hunger
a - Magic Dart            Conj           ####         1%          1    None
b - Searing Ray           Conj           ######       1%          2    None
c - Dazzling Spray        Conj/Hex       ######       1%          3    ##.....
d - Fulminant Prism       Conj/Hex       ######....   1%          4    ####...
e - Force Lance           Conj/Tloc      ######..     2%          4    ####...

Your spell library contained the following spells:

 Spells                   Type           Power        Failure   Level  Hunger
 Apportation              Tloc           ####..       1%          1    None
 Confusing Touch          Hex            #####.       1%          1    None
 Iskenderun's Mystic Bla  Conj           ######..     1%          4    ####...
 Animate Skeleton         Necr           N/A          7%          1    None
 Summon Small Mammal      Summ           #...         7%          1    None
 Iskenderun's Battlesphe  Conj/Chrm      #####...     17%         5    #####..
 Venom Bolt               Conj/Pois      #####.....   17%         5    #####..
 Bolt of Magma            Conj/Fire/Erth ####......   36%         5    #####..
 Orb of Destruction       Conj           ######....   41%         7    #######
 Iron Shot                Conj/Erth      #####.....   67%         6    #######
 Spellforged Servitor     Conj/Summ      #####.....   99%         7    #######


Dungeon Overview and Level Annotations

Branches:
Dungeon (11/15)            Temple (0/1) D:6            Lair (1/6) D:9
    Orc: D:9-12

Shops:
D:4 ?

Annotations:
D:2 Ijyb
D:6 2 transporters


Innate Abilities, Weirdness & Mutations

You have an increased reservoir of magic. (+10% MP)
You are resistant to hostile enchantments. (MR+)
You are weak. (Str -2)
You expend magic power (3 MP) to strengthen your wands.


Message History

You feel very sick. The black mamba completely misses you.
You are very lightly contaminated with residual magic.
It was a potion of magic.
Magic courses through your body.
Your surroundings suddenly seem different.
* * * LOW HITPOINT WARNING * * *
You feel very sick.
It was a potion of mutation.
You feel extremely strange.
You feel weaker.
You feel resistant to hostile enchantments.
You feel your magical essence link to your wands.
* * * LOW HITPOINT WARNING * * *
You feel very sick.
Okay, then.
Okay, then.
Evoke which item? (* to show all) (? for menu, Esc to quit)
Aim the lamp in which direction?
Press: ? - help, Dir - move target cursor The flames dance!
You die... ## #. #. #.## #ยง@# #.## #. #. #. #. #. #.

There were no monsters in sight!

Vanquished Creatures
  A two-headed ogre (D:10)
  3 death yaks (D:9)
  An unseen horror (D:10)
  An ugly thing (D:11)
  Maurice (D:8)
  A kobold demonologist (D:11)
  2 trolls
  Prince Ribbit (D:5)
  5 blink frogs (Lair:1)
  2 hippogriffs
  A wyvern (D:10)
  A spriggan (D:7)
  9 yaks
  A steam dragon (D:8)
  2 water moccasins
  4 porcupines (Lair:1)
  A hornet zombie (D:6)
  2 ice beasts (D:10)
  An orc warrior (D:9)
  An eye of draining (D:10)
  4 phantoms
  2 necrophages
  5 ogres
  4 sky beasts
  A centaur (D:8)
  A crocodile (Lair:1)
  4 bullfrogs
  3 scorpions
  16 killer bees
  4 wights
  5 howler monkeys
  2 crimson imps
  2 centaur zombies
  A quasit (D:9)
  4 hounds
  2 orc priests
  A bullfrog skeleton (D:7)
  2 centaur skeletons
  11 orc wizards
  3 worker ants
  2 hound skeletons (D:9)
  7 gnolls
  A worker ant zombie (D:9)
  8 adders
  2 shadow imps
  2 oozes
  An adder zombie (D:8)
  An adder skeleton (D:10)
  A worm (D:2)
  2 dart slugs
  5 leopard geckos
  19 orcs
  A ball python (D:4)
  10 bats
  2 giant cockroaches
  9 goblins
  12 hobgoblins
  13 jackals
  5 quokkas
  4 frilled lizards
  5 kobolds
  A leopard gecko zombie (D:5)
  10 rats
241 creatures vanquished.

Vanquished Creatures (others)
  A dart slug (D:3)
  20 fulminant prisms
21 creatures vanquished.

Grand Total: 262 creatures vanquished

Notes
Turn   | Place    | Note
-------+----------+-------------------------------------------
     0 | D:1      | Folque the Demigod Conjurer began the quest for the Orb.
     0 | D:1      | Reached XP level 1. HP: 14/14 MP: 5/5
   555 | D:1      | Reached XP level 2. HP: 22/22 MP: 7/7
   563 | D:1      | Learned a level 2 spell: Searing Ray
  1148 | D:2      | Reached skill level 1 in Fighting
  1148 | D:2      | Reached XP level 3. HP: 26/28 MP: 4/9
  1428 | D:2      | Learned a level 3 spell: Dazzling Spray
  1472 | D:2      | Reached skill level 4 in Conjurations
  1485 | D:2      | Noticed Ijyb
  2020 | D:2      | Reached XP level 4. HP: 26/35 MP: 3/11
  2061 | D:2      | Reached skill level 1 in Hexes
  3148 | D:4      | Reached XP level 5. HP: 40/40 MP: 6/12
  3149 | D:4      | Found Ranie's Magic Scroll Boutique.
  3159 | D:4      | Bought a scroll of teleportation for 33 gold pieces
  3194 | D:4      | Noticed an ogre
  3208 | D:4      | Killed an ogre
  3546 | D:4      | Noticed a phantom
  3565 | D:4      | Killed a phantom
  3565 | D:4      | Reached XP level 6. HP: 31/47 MP: 0/14
  3571 | D:4      | Learned a level 4 spell: Fulminant Prism
  3774 | D:5      | Entered Level 5 of the Dungeon
  4034 | D:5      | Reached skill level 5 in Conjurations
  4051 | D:5      | Reached XP level 7. HP: 43/52 MP: 4/16
  4061 | D:5      | Learned a level 4 spell: Force Lance
  4252 | D:5      | Noticed Prince Ribbit
  4266 | D:5      | Killed Prince Ribbit
  4266 | D:5      | Reached skill level 5 in Hexes
  5277 | D:6      | Found a transporter.
  5359 | D:6      | Found a transporter.
  5457 | D:6      | Found a staircase to the Ecumenical Temple.
  5933 | D:7      | Found a shattered altar of Ashenzari.
  5956 | D:7      | Reached skill level 6 in Conjurations
  5956 | D:7      | Reached XP level 8. HP: 59/59 MP: 9/17
  6265 | D:7      | Reached skill level 1 in Armour
  6265 | D:7      | Reached skill level 1 in Translocations
  6322 | D:7      | Found a hide-covered altar of Uskayaw.
  6323 | D:7      | Found a blossoming altar of Fedhas.
  6323 | D:7      | Found a snail-covered altar of Cheibriados.
  6324 | D:7      | Found a burning altar of Makhleb.
  6894 | D:8      | Reached skill level 7 in Conjurations
  6947 | D:8      | Got a polished rapier
  6948 | D:8      | Identified the +5 rapier of Cruel Justice {pierce, +Inv
                  | Int+2} (You found it on level 8 of the Dungeon)
  7101 | D:8      | Noticed Maurice
  7112 | D:8      | Killed Maurice
  7201 | D:8      | Reached skill level 8 in Conjurations
  7209 | D:8      | Reached XP level 9. HP: 64/64 MP: 13/18
  7757 | D:9      | Reached skill level 9 in Conjurations
  7846 | D:9      | Found a shimmering altar of Xom.
  8043 | D:9      | Got a distressingly furry scale mail
  8064 | D:9      | Noticed a death yak
  8065 | D:9      | Noticed a death yak
  8067 | D:9      | Noticed a death yak
  8071 | D:9      | Reached skill level 1 in Short Blades
  8071 | D:9      | Reached skill level 1 in Evocations
  8091 | D:9      | Found a staircase to the Lair.
  8096 | D:9      | Killed a death yak
  8376 | D:9      | Killed a death yak
  8376 | D:9      | Reached skill level 10 in Conjurations
  8376 | D:9      | Reached XP level 10. HP: 57/71 MP: 2/19
  8384 | D:9      | Killed a death yak
  8870 | D:9      | Found a white marble altar of Elyvilon.
  8874 | D:9      | Found a glowing golden altar of the Shining One.
  8883 | D:9      | Found a radiant altar of Vehumet.
  8984 | D:10     | Entered Level 10 of the Dungeon
  9004 | D:10     | Found a shimmering altar of Xom.
  9241 | D:10     | Noticed a two-headed ogre
  9264 | D:10     | Killed an unseen horror
  9447 | D:10     | Killed a two-headed ogre
  9567 | D:10     | Reached skill level 11 in Conjurations
  9913 | D:10     | Identified the +6 scale mail "Ugacievu" {rC- rCorr Slay+6
                  | SInv} (You found it on level 9 of the Dungeon)
 10187 | D:10     | Reached XP level 11. HP: 70/77 MP: 16/20
 10574 | D:11     | Reached skill level 5 in Dodging
 11404 | D:3      | Found a faded altar of an unknown god.
 11914 | Lair:1   | Entered Level 1 of the Lair of Beasts
 12378 | Lair:1   | Gained mutation: You are weak. (Str -2) [potion of
                  | mutation]
 12378 | Lair:1   | Gained mutation: You are resistant to hostile enchantments.
                  | (MR+) [potion of mutation]
 12378 | Lair:1   | Gained mutation: You expend magic power (3 MP) to
                  | strengthen your wands. [potion of mutation]
 12378 | Lair:1   | HP: 1/77 [poisoned by a black mamba]
 12379 | Lair:1   | Succumbed to a black mamba's poison

Skill      XL: |  1  2  3  4  5  6  7  8  9 10 11 |
---------------+----------------------------------+-----
Spellcasting   | 2 3 4 |  4.2
Fighting       | 1 |  1.2
Conjurations   | 4 5 6 8 10 11 | 11.8
Hexes          | 2 3 4 6 |  6.0
Armour         | 2 3 4 |  4.2
Translocations | 3 4 |  4.6
Short Blades   | 2 3 |  3.2
Evocations     | 2 4 |  4.0
Dodging        | 4 6 |  6.2
Stealth        | |  1.7

Action                   |  1- 3 |  4- 6 |  7- 9 | 10-12 || total
-------------------------+-------+-------+-------+-------++-------
Melee: Short sword       |   119 |     6 |       |       ||   125
       Dagger            |     6 |    81 |    56 |       ||   143
       Rapier            |       |       |    62 |   104 ||   166
Throw: Javelin           |       |       |     1 |     3 ||     4
 Cast: Magic Dart        |    18 |     8 |    10 |     3 ||    39
       Searing Ray       |     2 |    17 |    40 |    38 ||    97
       Dazzling Spray    |     3 |     4 |    11 |    10 ||    28
       Fulminant Prism   |       |       |    12 |     8 ||    20
       Force Lance       |       |       |     4 |     9 ||    13
Evoke: Wand              |       |       |     2 |     1 ||     3
       Lamp of fire      |       |       |       |     1 ||     1
  Use: Potion            |     1 |       |     1 |     8 ||    10
       Scroll            |       |     2 |    16 |     4 ||    22
 Stab: Sleeping          |     6 |     5 |     3 |     1 ||    15
       Invisible         |       |     2 |     1 |       ||     3
       Distracted        |       |       |     1 |     1 ||     2
       Confused          |       |       |     1 |       ||     1
  Eat: Chunk             |     4 |     4 |    15 |    12 ||    35
       Ration            |       |     1 |       |     1 ||     2
Armor: Robe              |    34 |    14 |    10 |       ||    58
       Steam dragon scal |       |       |    27 |    62 ||    89
Dodge: Dodged            |   105 |    42 |   100 |   124 ||   371
